 Dungeon Crawl Stone Soup version 0.21-a0-516-gaaff437 (webtiles) character file.

7823 FlyingDodo the Fighter (level 11, -9/90 HPs)
             Began as a Mummy Fighter on Dec 3, 2017.
             Was an Initiate of Gozag.
             Mangled by a black mamba (12 damage)
             ... on level 2 of the Lair of Beasts.
             The game lasted 00:20:23 (13038 turns).

FlyingDodo the Fighter (Mummy Fighter)             Turns: 13038, Time: 00:20:24

Health: -9/90      AC:  9    Str: 31    XL:     11   Next: 1%
Magic:  11/11      EV: 17    Int:  8    God:    Gozag
Gold:   713        SH: 12    Dex: 17    Spells: 10/10 levels left

rFire    x . .     SeeInvis .   g - +1 whip (venom)
rCold    + . .     Gourm    .   c - +0 shield
rNeg     + + +     Faith    .   j - +3 leather armour "Puilod" {Str+4}
rPois    ∞         Spirit   .   (no helmet)
rElec    .         Reflect  +   s - +2 cloak
rCorr    .         Harm     .   (no gloves)
MR       +....                  (no boots)
Stlth    ++........             f - +2 amulet of reflection
HPRegen  0.25/turn              (no ring)
MPRegen  0.12/turn              (no ring)

@: mighty, agile, gold aura, flying, very slightly contaminated, invisible
A: no food or potions, fire vulnerability, cold resistance 1, negative energy
resistance 3, torment resistance, unbreathing
a: Potion Petition, Call Merchant, Bribe Branch, Renounce Religion


You were on level 2 of the Lair of Beasts.
You worshipped Gozag.
Gozag was pleased with you.
You were not hungry.

You visited 3 branches of the dungeon, and saw 12 of its levels.
You also visited: Sewer.

You collected 1690 gold pieces.
You paid 977 gold pieces to Gozag.

Inventory:

Hand Weapons
 a - a +0 flail
 g - a +1 whip of venom (weapon)
 t - a +2 vampiric halberd
 v - a +0 blowgun
 y - a +1 dagger of venom
Missiles
 e - 2 needles of frenzy
 u - 5 curare-tipped needles
Armour
 b - a +1 scale mail
 c - a +0 shield (worn)
 j - the +3 leather armour "Puilod" (worn) {Str+4}
   (You found it on level 7 of the Dungeon)

   It affects your strength (+4).
 k - a scarf of cloud immunity
 s - a +2 cloak (worn)
Jewellery
 f - a +2 amulet of reflection (around neck)
Wands
 q - a wand of digging (13)
 r - a wand of random effects (18)
 w - a wand of disintegration (6)
 x - a wand of iceblast (8)
Scrolls
 d - a scroll of enchant armour
 i - 3 scrolls of remove curse
 l - 2 scrolls of identify
 m - a scroll of enchant weapon
 n - 4 scrolls of teleportation
 o - 2 scrolls of magic mapping
Potions
 z - a potion of cancellation {unknown}


   Skills:
 + Level 9.7 Fighting
 - Level 8.4 Maces & Flails
 * Level 7.1 Polearms
 - Level 2.4 Armour
 + Level 4.9 Dodging
 - Level 2.4 Shields


You had 10 spell levels left.
You didn't know any spells.

Dungeon Overview and Level Annotations

Branches:
Dungeon (9/15)             Temple (1/1) D:4            Lair (2/6) D:9
  Swamp: Lair:2-4    Shoals: Lair:2-4     Snake: Lair:2-4    Spider: Lair:2-4
    Orc: D:9-12

Altars:
Ashenzari
Cheibriados
Dithmenos
Elyvilon
Fedhas
Gozag
Hepliaklqana
Kikubaaqudgha
Makhleb
Nemelex Xobeh
Qazlal
Ru
Sif Muna
Trog
Uskayaw
Vehumet
Wu Jian
Yredelemnul
Zin
The Shining One

Shops:
D:9 }

Annotations:
D:3 Laiders's ghost, amateur MfTm; Sigmund
D:8 zkyp's ghost, novice HOAr
D:9 Nirn's ghost, novice DgTm


Innate Abilities, Weirdness & Mutations

You do not eat or drink.
Your flesh is vulnerable to fire.
You are immune to poison.
Your flesh is cold resistant. (rC+)
You are immune to negative energy. (rN+++)
You are immune to unholy pain and torment.
You can survive without breathing.


Message History

You block the black mamba's attack.
You whack the black mamba!
The black mamba is poisoned.
The black mamba is almost dead.
You kill the black mamba!
You have reached level 11!
The black mamba barely misses you.
You completely miss the black mamba. The black mamba misses you.
You catch the helpless black mamba completely off-guard!
You whack the black mamba!
The black mamba is poisoned.
The black mamba is moderately wounded.
You block the black mamba's attack.
You hit the black mamba.
The black mamba is moderately wounded.
The black mamba bites you!
* * * LOW HITPOINT WARNING * * *
You whack the black mamba!
The black mamba is heavily wounded.
The black mamba bites you!
You die...
Your body crumbles into a pile of gold.

#.P
..#
#.#
#..
##.##
P..
#S#
#@#
#.#
#P..#
##.##
#.#
#..
...
...
.##.


You could see a black mamba (wandering).

Vanquished Creatures
  Fannar (Lair:1)
  2 two-headed ogres
  Sonja (Lair:1)
  A black mamba (Lair:2)
  A spriggan (D:8)
  2 yaks (D:8)
  Menkaure (D:6)
  A soldier ant (D:8)
  2 water moccasins
  2 porcupines (Lair:1)
  Duvessa (D:6)
  A black bear (D:9)
  3 sky beasts
  2 ice beasts
  3 phantoms
  4 ogres
  3 centaurs
  2 crocodiles (Lair:1)
  A gnoll sergeant (D:9)
  4 bullfrogs
  Dowan (D:6)
  3 scorpions
  9 killer bees
  2 crimson imps (D:5)
  A quasit (D:7)
  A bullfrog zombie (D:5)
  Crazy Yiuf (D:6)
  2 hounds (D:4)
  2 orc priests (D:6)
  A centaur skeleton (D:8)
  A bullfrog skeleton (D:5)
  An iguana (D:9)
  6 orc wizards
  4 worker ants
  12 gnolls
  9 adders
  8 river rats (Sewer)
  2 adder skeletons
  4 dart slugs
  7 leopard geckos
  14 orcs
  3 bat zombies (D:8)
  12 giant cockroaches
  6 goblins
  6 hobgoblins
  8 jackals
  23 kobolds
  4 quokkas
  5 ball pythons
  14 bats
  5 frilled lizards
  3 leopard gecko skeletons
  A leopard gecko zombie (D:6)
  A quokka skeleton (D:6)
  22 rats
242 creatures vanquished.

Vanquished Creatures (others)
  A cyclops (D:8)
  A fungus (D:9)
2 creatures vanquished.

Grand Total: 244 creatures vanquished

Notes
Turn   | Place    | Note
-------+----------+-------------------------------------------
     0 | D:1      | FlyingDodo the Mummy Fighter began the quest for the Orb.
     0 | D:1      | Reached XP level 1. HP: 18/18 MP: 1/1
   291 | D:1      | Reached XP level 2. HP: 24/24 MP: 2/2
  1317 | D:1      | Reached XP level 3. HP: 17/29 MP: 3/3
  2058 | D:2      | Found a blossoming altar of Fedhas.
  2223 | D:2      | Reached XP level 4. HP: 27/37 MP: 4/4
  2461 | D:2      | Found a faded altar of an unknown god.
  2819 | D:3      | Noticed Laiders's ghost (amateur MfTm)
  2821 | D:3      | Noticed Sigmund
  2959 | D:3      | Found a sacrificial altar of Ru.
  3050 | D:2      | Reached skill level 4 in Fighting
  3541 | D:4      | Reached XP level 5. HP: 36/42 MP: 5/5
  3927 | D:4      | Found a glowing silver altar of Zin.
  4042 | D:4      | Found a staircase to the Ecumenical Temple.
  4132 | Temple   | Entered the Ecumenical Temple
  4314 | Temple   | Became a worshipper of Gozag Ym Sagoz the Greedy
  4808 | D:5      | Entered Level 5 of the Dungeon
  4856 | D:5      | Reached XP level 6. HP: 41/49 MP: 6/6
  5087 | D:5      | Found a glowing drain.
  5088 | D:5      | Noticed a sky beast
  5166 | Sewer    | Entered a sewer
  5290 | Sewer    | Reached skill level 5 in Maces & Flails
  5306 | Sewer    | Reached skill level 5 in Fighting
  5643 | Sewer    | Reached XP level 7. HP: 49/56 MP: 7/7
  6596 | D:5      | Reached skill level 6 in Fighting
  6636 | D:5      | Reached XP level 8. HP: 42/64 MP: 8/8
  6815 | D:5      | Found an ornate altar of the Wu Jian Council.
  6822 | D:5      | Found a radiant altar of Vehumet.
  7394 | D:6      | Noticed Duvessa
  7394 | D:6      | Noticed Dowan
  7407 | D:6      | Killed Duvessa
  7415 | D:6      | Killed Dowan
  7779 | D:6      | Found a runed door.
  7840 | D:6      | Noticed Menkaure
  7848 | D:6      | Killed Menkaure
  7848 | D:6      | Reached skill level 7 in Fighting
  8063 | D:6      | Found a burning altar of Makhleb.
  8063 | D:6      | Noticed a cacodemon
  8070 | D:6      | Noticed an orange demon
  8524 | D:6      | Noticed Crazy Yiuf
  8532 | D:6      | Killed Crazy Yiuf
  8673 | D:7      | Reached XP level 9. HP: 46/72 MP: 9/9
  8686 | D:7      | Got a jacinth-encrusted leather armour
  8699 | D:7      | Identified the +3 leather armour "Puilod" {Str+4} (You found it on level 7 of the Dungeon)
  9033 | D:7      | Found a sparkling altar of Nemelex Xobeh.
  9340 | D:7      | Reached skill level 1 in Polearms
  9425 | D:7      | Reached skill level 1 in Dodging
 10024 | D:8      | Noticed a cyclops
 10045 | D:8      | Reached skill level 8 in Fighting
 10046 | D:8      | Killed a cyclops
 10259 | D:8      | Noticed a two-headed ogre
 10288 | D:8      | Killed a two-headed ogre
 10294 | D:8      | Reached XP level 10. HP: 56/82 MP: 10/10
 10609 | D:8      | Noticed zkyp's ghost (novice HOAr)
 10686 | D:9      | Noticed Nirn's ghost (novice DgTm)
 10709 | D:9      | Found a shattered altar of Ashenzari.
 10905 | D:9      | Found Emibburak's Gadget Boutique.
 10944 | D:9      | Reached skill level 5 in Polearms
 11294 | D:8      | Found an ancient bone altar of Kikubaaqudgha.
 11363 | D:9      | Noticed a two-headed ogre
 11378 | D:9      | HP: 2/82 [two-headed ogre/giant club (25)]
 11378 | D:9      | Found a shadowy altar of Dithmenos.
 11399 | D:9      | HP: 3/82 [two-headed ogre/giant club (2)]
 11404 | D:9      | Killed a two-headed ogre
 11404 | D:9      | Reached skill level 9 in Fighting
 11865 | D:9      | Found a blossoming altar of Fedhas.
 12266 | D:9      | Found a staircase to the Lair.
 12267 | D:9      | Found a stormy altar of Qazlal.
 12333 | Lair:1   | Entered Level 1 of the Lair of Beasts
 12533 | Lair:1   | Noticed Sonja
 12537 | Lair:1   | Killed Sonja
 12749 | Lair:1   | Noticed Fannar
 12788 | Lair:1   | Killed Fannar
 13004 | Lair:1   | Noticed a black mamba
 13006 | Lair:1   | Noticed an elephant
 13023 | Lair:2   | Noticed a black mamba
 13033 | Lair:2   | Killed a black mamba
 13033 | Lair:2   | Reached XP level 11. HP: 18/90 MP: 11/11
 13036 | Lair:2   | HP: 3/90 [black mamba (16)]
 13038 | Lair:2   | Mangled by a black mamba

Vault maps used:
D:1:      dpeg_arrival_round_c
D:2:      chequers_ecumenical_altar_grove, fedhas_altar_2
D:3:      chequers_temple_overflow_minitemple, minmay_statues_item,
          nicolae_ru_great_annihilating_truth, uniq_grinder, uniq_ijyb,
          uniq_sigmund
D:4:      zin_academy, minmay_temple_entry_nine_rooms, first_bread
D:5:      amethyst_overflow_temple_binary, gup_sewer_entry_glass,
          lemuel_another_geyser
D:6:      makhleb_altar_promises_db, uniq_menkaure, uniq_crazy_yiuf_cottage,
          uniq_duvessa
D:7:      nemelex_xobeh_ov_fountains_minmay
D:8:      lemuel_zombie_altar_kikubaaqudgha, the_bakery, kennysheep_dice
D:9:      grunt_temple_overflow_forces_of_nature, ashenzari_altar_1,
          kennysheep_little_box, lair_entry_dummy, serial_shops, shop
Temple:   grunt_temple_mini_profane
Lair:1:   hangedman_lair_generics_rect, uniq_joseph, uniq_fannar, uniq_sonja
Lair:2:   minmay_swamp_entry_eels, serial_bayou_lagoon_a,
          grunt_forest_small_clearings, infiniplex_staircase_pool_2
Sewer:    sewer_minmay_treatment

Skill      XL: |  1  2  3  4  5  6  7  8  9 10 |
---------------+-------------------------------+-----
Maces & Flails | 2 3 4 5 6 8 |  8.4
Fighting       | 4 5 6 7 8 9 |  9.7
Polearms       | 4 7 |  7.1
Dodging        | 3 4 |  4.9
Armour         | |  2.4
Shields        | |  2.4

Action                   |  1- 3 |  4- 6 |  7- 9 | 10-12 || total
-------------------------+-------+-------+-------+-------++-------
Melee: Flail             |   191 |     2 |     4 |       ||   197
       Whip              |       |   339 |   487 |   263 ||  1089
Throw: Throwing net      |       |       |     1 |       ||     1
Invok: Potion Petition   |       |     1 |       |     2 ||     3
Evoke: Wand              |       |       |       |    10 ||    10
  Use: Scroll            |     2 |     3 |     7 |     3 ||    15
 Stab: Distracted        |       |     1 |     4 |       ||     5
       Held in net/web   |       |       |     2 |       ||     2
       Invisible         |       |       |       |     2 ||     2
Armor: Scale mail        |   122 |   125 |    70 |       ||   317
       Leather armour    |       |       |    30 |    52 ||    82
Dodge: Dodged            |    94 |    62 |    82 |    74 ||   312
Block: Shield            |   137 |   188 |   199 |   138 ||   662
       Reflection        |       |     2 |     3 |     5 ||    10

Table legend:
 A = Spawn XP
 B = Non-spawn XP
 C = Spawn XP percentage of total XP
 D = Spawn monster count
 E = Non-spawn monster count
 F = Spawn count percentage of total count
 G = Total turns spent on level
                    A         B        C        D         E        F      G
               +---------+---------+-------+---------+---------+-------+---------
         Total |       0 |   11177 |   0.0 |       0 |     243 |   0.0 | 13038
               +---------+---------+-------+---------+---------+-------+---------
           D:1 |       0 |      66 |   0.0 |       0 |      26 |   0.0 |  1851
           D:2 |       0 |      95 |   0.0 |       0 |      27 |   0.0 |  1308
           D:3 |       0 |      28 |   0.0 |       0 |      16 |   0.0 |   292
           D:4 |       0 |     139 |   0.0 |       0 |       9 |   0.0 |  1149
           D:5 |       0 |     926 |   0.0 |       0 |      26 |   0.0 |  1326
           D:6 |       0 |    1166 |   0.0 |       0 |      29 |   0.0 |  1712
           D:7 |       0 |     822 |   0.0 |       0 |      20 |   0.0 |  1380
           D:8 |       0 |    3251 |   0.0 |       0 |      22 |   0.0 |  1928
           D:9 |       0 |    1575 |   0.0 |       0 |      11 |   0.0 |   432
        Lair:1 |       0 |    2459 |   0.0 |       0 |       8 |   0.0 |   690
        Lair:2 |       0 |     460 |   0.0 |       0 |       1 |   0.0 |    15
         Sewer |       0 |     190 |   0.0 |       0 |      48 |   0.0 |   747
               +---------+---------+-------+---------+---------+-------+---------
